[Event "*** SCC Grand Prix: Titled Tuesday Blitz"]
[Site "Chess.com"]
[Date "2020.07.21"]
[Round "5"]
[White "AlexTriapishko"]
[Black "2nd_life"]
[Result "1-0"]
[WhiteElo "2637"]
[BlackElo "2479"]
[TimeControl "180+1"]
[EndTime "10:56:17 PDT"]
[Termination "AlexTriapishko won on time"]

1. d4 Nf6 2. Nc3 e6 3. Bf4 Bb4 4. e3 Nd5 5. Ne2 Bxc3+ 6. Nxc3 Nxf4 7. exf4 d6 8. Bd3 Nd7 9. O-O Nf6 10. Re1 O-O 11.
Qf3 Rb8 12. Re3 b6 13. Rae1 Bb7 14. Qh3 g6 15. Qh4 Nd5 16. Qxd8 Rbxd8 17. Nxd5 Bxd5 18. b3 c5 19. dxc5 bxc5 20. Be4 Bxe4 21. Rxe4 d5 22. Ra4 Rd7 23. g3 Rb8 24. Rd1 Rb4 25. Ra5 Rc7 26. c3 Re4 27. Kf1 h6 28. Re1 Rxe1+ 29. Kxe1 g5 30. Ke2 gxf4 31. gxf4 Kg7 32. c4 Kf6 33.
Ke3 d4+ 34. Ke4 Rd7 35. Kd3 Rc7 36. a3 Kf5 37. b4 Kxf4 38. Rxc5 Rd7 39. Rc6 e5 40.
Rf6+ Kg5 41. Ra6 f5 42. f3 Kf4 43. Rf6 Rc7 44. c5 h5 45. h4 Rc8 46. c6 Rc7 47. b5 1-0

[Event "*** SCC Grand Prix: Titled Tuesday Blitz"]
[Site "Chess.com"]
[Date "2020.07.21"]
[Round "5"]
[White "Karacsonyi_Gellert"]
[Black "BikingBrian"]
[Result "1-0"]
[WhiteElo "2459"]
[BlackElo "2219"]
[TimeControl "180+1"]
[EndTime "10:56:17 PDT"]
[Termination "Karacsonyi_Gellert won by resignation"]

1. e4 c5 2. Nf3 g6 3. d4 cxd4 4. Nxd4 Nc6 5. Nc3 Bg7 6. Be3 Nf6 7. Bc4 Qa5 8. O-O O-O 9. Bb3 d6 10. h3 Bd7 11. Nf3 Rfc8 12. Re1 b5 13. Bg5 b4 14.
Nd5 Be6 15. Bxf6 exf6 16. Nd4 Bxd5 17. Bxd5 Nxd4 18. Bxa8 Rxa8 19. Qxd4 Qc7 20. Rad1 a5 21. Qxd6 Qxc2 22. Rd2 Qc4 23. Qd5 Rc8 24. Qxc4 Rxc4 25.
Rd8+ Bf8 26. e5 fxe5 27. Rxe5 Kg7 28. Rxa5 Rc2 29. b3 Bc5 30. Kh2 Bb6 31. Rda8 Bxa5 32. Rxa5 Rxf2 33. Kg3 Rc2 34. Ra6 f5 35. Kf3 g5 36.
Rb6 Rxa2 37. Rxb4 Rb2 38. Rb6 h5 39. g4 hxg4+ 40. hxg4 fxg4+ 41. Kxg4 Rg2+ 42. Kf5 Kf7 43. Rb7+ Ke8 44. b4 Kd8 45. Ke5 Kc8 46. Rb6 Kc7 47. Rg6 Rb2 48. Rxg5 Rxb4 49. Rg6 Rb5+ 50. Kd4 Rh5 51.
Kc4 Rh4+ 52. Kd5 Rh5+ 53. Ke6 Ra5 54. Rg7+ Kc6 55. Rg8 Kc5 56. Rc8+ Kb4 57. Kd6 Rb5 58. Rc1 Ka5 59. Kc6 Rb4 60. Ra1+ Ra4 61. Rb1 Rb4 62. Rc1 Rb8 63. Ra1+ Kb4 64. Rb1+ 1-0

[Event "*** SCC Grand Prix: Titled Tuesday Blitz"]
[Site "Chess.com"]
[Date "2020.07.21"]
[Round "5"]
[White "Klavdia_Nik"]
[Black "mirochka"]
[Result "1-0"]
[WhiteElo "2039"]
[BlackElo "2135"]
[TimeControl "180+1"]
[EndTime "10:56:17 PDT"]
[Termination "Klavdia_Nik won on time"]

1. Nf3 d5 2. c4 e6 3. b3 Be7 4. Bb2 Bf6 5. d4 Ne7 6. e3 O-O 7. Be2 c5 8. O-O Nbc6 9. cxd5 Nxd5 10. e4 Nf4 11. e5 Nxe2+ 12. Qxe2 Be7 13. Rd1 Qc7 14.
Nbd2 cxd4 15. Rac1 Bd7 16. Bxd4 Rac8 17. Ne4 Qb8 18.
Bb2 Rfd8 19. h4 Nb4 20. a3 Nd5 21. Nfg5 h6 22. Nf3 Rxc1 23. Rxc1 Bc6 24. b4 a6 25. Nd4 Nf4 26. Qe3 Nd5 27. Qg3 Ba4 28. Nf6+ Bxf6 29. exf6 Qxg3 30. fxg3 gxf6 31. Nf3 e5 32. Kf2 Rd7 33.
h5 Kg7 34. Rc4 Bb5 35. Rc5 Nb6 36. Bc1 Bc6 37. Be3 Na4 38. Rc1 Re7 39. Nh4 Rd7 40.
Nf5+ Kh7 41. Nxh6 Be4 42. Ng4 Re7 43. Nxf6+ Kg7 44. Nxe4 f5 45. Nc5 f4 46. Nxa4 fxe3+ 47. Kxe3 Kh6 48. g4 Kg5 49. Rc4 Rd7 50. Nc5 Rd1 51. Ne6+ Kh4 52. g3+ 1-0

[Event "*** SCC Grand Prix: Titled Tuesday Blitz"]
[Site "Chess.com"]
[Date "2020.07.21"]
[Round "5"]
[White "FontVella8"]
[Black "baki83"]
[Result "1-0"]
[WhiteElo "2594"]
[BlackElo "2722"]
[TimeControl "180+1"]
[EndTime "10:56:19 PDT"]
[Termination "FontVella8 won on time"]

1. b3 e5 2. Bb2 Nc6 3. g3 d5 4. Bg2 Be6 5. d3 h5 6. h3 Qd7 7. Nd2 f6 8. e4 d4 9. Ngf3 g5 10. h4 Be7 11. hxg5 fxg5 12. Nc4 Bb4+ 13. Kf1 Qg7 14. a3 Be7 15. b4 a6 16. c3 h4 17.
cxd4 exd4 18. gxh4 g4 19. Ng5 Bxg5 20. hxg5 Rxh1+ 21. Bxh1 Qxg5 22. Qd2 Qh5 23. Bg2 O-O-O 24. Rc1 Rf8 25.
Kg1 Nge7 26. Qc2 Rh8 27. Bxd4 Qh2+ 28. Kf1 Rf8 29. Be3 g3 30. Na5 Bh3 31. Bxh3+ Qxh3+ 32. Ke2 Qg4+ 33. Kd2 gxf2 34. Rf1 Qg2 35. Qd1 Ne5 36. Qe2 N7g6 37. Rxf2 Rxf2 38. Qxf2 Nf3+ 39. Ke2 Qxf2+ 40. Kxf2 Nfe5 41. Ke2 b6 42. Nb3 Kd7 43. Bd4 Ng4 44.
Bc3 Kd6 45. d4 Nh6 46. Ke3 Ng4+ 47. Kd3 Nf2+ 48. Ke3 Ng4+ 49. Ke2 Nh2 50. d5 Ng4 51. Nd4 Ke5 52. Kf3 Nh2+ 53. Kg3 Nf1+ 54. Kf2 1-0

[Event "*** SCC Grand Prix: Titled Tuesday Blitz"]
[Site "Chess.com"]
[Date "2020.07.21"]
[Round "5"]
[White "GMKrikor"]
[Black "LawrenceTrent"]
[Result "1/2-1/2"]
[WhiteElo "2715"]
[BlackElo "2547"]
[TimeControl "180+1"]
[EndTime "10:56:19 PDT"]
[Termination "Game drawn by repetition"]

1. e4 e5 2. Bc4 Nc6 3. Nc3 Nf6 4. d3 Bb4 5. Ne2 d5 6. exd5 Nxd5 7. O-O Bxc3 8. bxc3 O-O 9. Bb3 Be6 10. f4 exf4 11.
Bxd5 Qxd5 12. Nxf4 Qc5+ 13. Kh1 Qxc3 14. Rb1 Nd4 15.
Bb2 Qc5 16. Bxd4 Qxd4 17. Nxe6 fxe6 18. Rxb7 Rxf1+ 19. Qxf1 Rf8 20. Qe1 Qf2 21. Qxf2 Rxf2 22. h3 Rxc2 23. Rxa7 Kf7 24. a4 Ke7 25. a5 Rc3 26. a6 Rxd3 27. Rxc7+ Kf6 28. a7 Ra3 29. h4 h6 30. h5 g6 31. hxg6 Kxg6 32. Kg1 Kf6 33. Kf2 h5 34. Ke2 h4 35. Kd2 Kf5 36.
Kc2 e5 37. Kb2 Ra6 38. Rh7 Kg4 39. Rg7+ Kf4 40. Kc3 e4 41. Kc4 e3 42. Kd3 Ra3+ 43. Ke2 Ra2+ 44. Ke1 Ke4 45. Re7+ Kf4 46. Rg7 Ra1+ 47.
Ke2 Ra3 48. Ke1 Ra2 49. Kf1 Ke4 50. Re7+ Kd4 51. Rd7+ Ke5 52. Re7+ Kf4 53. Rf7+ Kg4 54. Rg7+ Kf5 55. Rf7+ Ke4 56. Re7+ Kf4 57. Rf7+ Kg4 58. Rg7+ Kf5 59. Rf7+ Ke4 60. Re7+ 1/2-1/2

[Event "*** SCC Grand Prix: Titled Tuesday Blitz"]
[Site "Chess.com"]
[Date "2020.07.21"]
[Round "5"]
[White "deep306"]
[Black "Eliwood44"]
[Result "1-0"]
[WhiteElo "2581"]
[BlackElo "2325"]
[TimeControl "180+1"]
[EndTime "10:56:20 PDT"]
[Termination "deep306 won by resignation"]

1. d4 Nf6 2. c4 e6 3. Nc3 d5 4. cxd5 exd5 5. Bg5 c6 6. e3 Nbd7 7. Bd3 Be7 8. h3 Nf8 9. Qc2 g6 10. Nge2 Ne6 11. Bh6 g5 12. Ng3 Ng8 13. Nf5 Nxh6 14. Nxh6 Bd7 15. O-O-O Qa5 16. Kb1 Bf8 17. Ng4 O-O-O 18.
Bxh7 Bb4 19. Bf5 Kb8 20. Ne5 Be8 21. Ne2 Nc7 22. g3 c5 23. dxc5 Rh6 24. c6 Bxc6 25. Nd4 Ba4 26. b3 Nb5 27. Nxb5 Bxb5 28. Rc1 Bc6 29.
Nxf7 Rhh8 30. Nxh8 Rxh8 31. Qb2 d4 32. Qxd4 Qxf5+ 33.
Ka1 Qf8 34. Rhd1 Be7 35. e4 Ba3 36. Rc4 a6 37. e5 Rg8 38. b4 Qf3 39. Rc3 Qe2 40.
Rxa3 Rc8 41. Rc3 Ka8 42. Rc2 Qf3 43. Qd2 Re8 44. Rdc1 Qf5 45. Rxc6 bxc6 46. Qd6 Qxe5+ 47. Qxe5 Rxe5 48. Rxc6 Re1+ 49. Kb2 Re2+ 50. Kb3 Re4 51. Rxa6+ Kb7 52. Rg6 Re5 53. a4 Rf5 54. a5 Rf3+ 55.
Ka4 Rxf2 56. Rxg5 1-0

[Event "*** SCC Grand Prix: Titled Tuesday Blitz"]
[Site "Chess.com"]
[Date "2020.07.21"]
[Round "5"]
[White "ExtremeLearner"]
[Black "chargemax23"]
[Result "0-1"]
[WhiteElo "2260"]
[BlackElo "2605"]
[TimeControl "180+1"]
[EndTime "10:56:20 PDT"]
[Termination "chargemax23 won by resignation"]

1. d4 g6 2. c4 Bg7 3. Nc3 d6 4. e4 Nc6 5. Nf3 Bg4 6. Be3 e5 7. dxe5 Nxe5 8. Be2 Nxf3+ 9. gxf3 Be6 10. Qb3 Qc8 11. h4 h5 12. O-O-O Ne7 13. Rhg1 O-O 14. Nd5 Nc6 15. Kb1 Kh7 16. f4 f5 17. e5 dxe5 18. Bc5 Rf7 19. Qg3 exf4 20. Qxg6+ Kh8 21. Qxh5+ Kg8 22. Nxf4 b6 23. Qg6 Ne5 24. Qxe6 Qxe6 25. Nxe6 bxc5 26. Rd5 Nc6 27. Nxg7 Rxg7 28. Rxg7+ Kxg7 29. Rd7+ Kf6 30. Bf3 Ne5 31. Bxa8 Nxd7 32.
f4 Kg6 33. Bc6 Nf6 34. Bf3 Ng4 35. Kc2 Kh5 36. Kd3 Kxh4 37. Bd5 Kg3 38. a3 Kxf4 39.
b4 Ne5+ 40. Kc3 Ke3 41. bxc5 f4 42. Kb4 Kd4 43. Kb5 c6+ 44. Bxc6 Nxc6 45. Kxc6 f3 46. Kd6 f2 47. c6 f1=Q 48. c7 Qf5 49. c5 Qc8 50.
Kc6 a5 51. a4 Kc4 52. Kb6 Kb4 53. c6 Kxa4 54. Ka7 Qxc7+ 55. Ka8 Qxc6+ 56. Ka7 Qb5 57. Ka8 Kb4 58. Ka7 a4 0-1

[Event "*** SCC Grand Prix: Titled Tuesday Blitz"]
[Site "Chess.com"]
[Date "2020.07.21"]
[Round "5"]
[White "northridgehawk"]
[Black "Yoshikrov"]
[Result "1-0"]
[WhiteElo "2335"]
[BlackElo "2121"]
[TimeControl "180+1"]
[EndTime "10:56:20 PDT"]
[Termination "northridgehawk won on time"]

1. d4 Nf6 2. c4 g6 3. Nc3 d5 4. Nf3 Bg7 5. e3 O-O 6. Qb3 dxc4 7.
Bxc4 Nc6 8. Qc2 Na5 9. Bd3 c5 10. dxc5 Nc6 11. a3 a5 12. O-O Bg4 13. Be2 Rc8 14.
Rd1 Qe8 15. Nb5 Bxf3 16. Bxf3 Nb4 17. Qa4 Nc6 18. Bd2 Nd7 19. Bc3 Nxc5 20. Qc4 Bxc3 21.
Qxc3 Ne6 22. h4 Ncd4 23. exd4 Rxc3 24. Nxc3 b5 25. b4 axb4 26. axb4 Qd7 27. d5 Ng7 28. Ra5 Rb8 29. g3 Nf5 30. Kg2 Nd6 31. Ne4 Nxe4 32.
Bxe4 Qd6 33. Rb1 Qe5 34. Bf3 h5 35. Ra2 Qd4 36. Re2 Kf8 37. Re4 Qd3 38. Rbe1 Re8 39.
Re5 Qd2 40. R1e4 f6 41. Rf4 Kf7 42. Ree4 Rd8 43. Rd4 Qc1 44. Rfe4 Rd6 45. Re3 Qc7 46.
Rde4 Rd7 47. Re6 Qc4 48. d6 Qxe6 49. Rxe6 Kxe6 50. dxe7 Rxe7 51. Bc6 Kd6 52. Bxb5 Rb7 53. Bd3 f5 54. b5 Ke5 55. Kf3 Rd7 56. Ke3 Rd8 57. Be2 Rd6 58. Bc4 Rb6 59. Be2 1-0

[Event "*** SCC Grand Prix: Titled Tuesday Blitz"]
[Site "Chess.com"]
[Date "2020.07.21"]
[Round "5"]
[White "EugeneRougon"]
[Black "RubensCezila"]
[Result "0-1"]
[WhiteElo "2710"]
[BlackElo "2574"]
[TimeControl "180+1"]
[EndTime "10:56:21 PDT"]
[Termination "RubensCezila won by resignation"]

1. e4 c6 2. d4 d5 3. Nc3 dxe4 4. Nxe4 Nf6 5. Nxf6+ exf6 6. c3 Bd6 7. Bd3 O-O 8.
Qc2 Re8+ 9. Ne2 h5 10. Be3 Nd7 11.
O-O-O Nf8 12. Kb1 Be6 13. c4 Rc8 14. h3 b5 15. d5 cxd5 16. c5 a6 17. g4 h4 18.
Rhg1 Nd7 19. g5 Nxc5 20. gxf6 Qxf6 21. Bd4 Be5 22. Bxc5 Rc7 23. f4 Bxb2 24. Qxb2 Qxb2+ 25. Kxb2 Rxc5 26. Nd4 Bxh3 27. Rde1 Rxe1 28. Rxe1 Kf8 29. Rh1 Bd7 30. Rxh4 g6 31. Rh8+ Kg7 32. Rd8 Bg4 33.
Rd6 a5 34. Bxb5 f6 35. Bd7 Bxd7 36. Rxd7+ Kh6 37. Rd6 Rc4 38. Rxd5 g5 39. fxg5+ fxg5 40. Nf3 g4 41. Ne5 Re4 42. Nd3 g3 43. Rd8 Kg5 44.
Rg8+ Kh4 45. Kc3 Re2 46. a4 Ra2 47. Nc5 g2 48. Kc4 Kh3 49. Kb5 Ra3 50. Ne4 Re3 51.
Rh8+ Kg4 52. Rf8 Rxe4 53. Rg8+ Kf3 54. Rf8+ Rf4 55. Rg8 Rg4 56. Rxg4 Kxg4 0-1

[Event "*** SCC Grand Prix: Titled Tuesday Blitz"]
[Site "Chess.com"]
[Date "2020.07.21"]
[Round "5"]
[White "WPWPWP-2015"]
[Black "vinniethepooh"]
[Result "0-1"]
[WhiteElo "2425"]
[BlackElo "2681"]
[TimeControl "180+1"]
[EndTime "10:56:22 PDT"]
[Termination "vinniethepooh won on time"]

1. e4 c5 2. Nc3 d6 3. Nge2 Nf6 4. d4 cxd4 5. Nxd4 a6 6. Be3 e5 7. Nb3 Be7 8. f3 O-O 9. Qd2 Be6 10. O-O-O Nbd7 11.
Nd5 Nxd5 12. exd5 Bf5 13. Bd3 Bxd3 14. Qxd3 f5 15. f4 Rc8 16. g3 b5 17. Qd2 g6 18.
Na5 Bf6 19. Nc6 Qc7 20. h4 h5 21. Rhf1 Rfe8 22. Kb1 Nb8 23. fxe5 Bxe5 24. Nxe5 Rxe5 25. Bd4 Re4 26. Qh6 Qh7 27. Qg5 Nd7 28. Rfe1 Qf7 29.
Qh6 Ne5 30. Rxe4 fxe4 31. Bxe5 dxe5 32. d6 Qf5 33. Qe3 Qf3 34. Qd2 e3 35. Qd3 Kg7 36. d7 Rd8 37. Re1 Qf2 38. Qxe3 Qxe3 39. Rxe3 Rxd7 40.
Kc1 Kf6 41. Ra3 Rd6 42. Rf3+ Ke6 43. c3 e4 44. Rf8 Ke5 45. b3 Rd3 46. Re8+ Kf5 47.
Rf8+ Kg4 0-1

[Event "*** SCC Grand Prix: Titled Tuesday Blitz"]
[Site "Chess.com"]
[Date "2020.07.21"]
[Round "5"]
[White "Sanan_Sjugirov"]
[Black "Anton_Demchenko"]
[Result "1-0"]
[WhiteElo "2995"]
[BlackElo "2824"]
[TimeControl "180+1"]
[EndTime "10:56:24 PDT"]
[Termination "Sanan_Sjugirov won on time"]

1. d4 Nf6 2. c4 d6 3. Nc3 e5 4. Nf3 Nc6 5. d5 Ne7 6. e4 Ng6 7. Be2 Be7 8. h4 Nf8 9. Be3 Ng4 10. Bg5 Nd7 11. Bxe7 Qxe7 12. Nd2 Ndf6 13. Nf1 h5 14. f3 Nh6 15. Ne3 g6 16. Qd2 Nhg8 17. O-O-O Nd7 18.
Kb1 Ngf6 19. Bd3 Nc5 20. Bc2 a5 21. g3 Bd7 22. Rde1 b6 23. Rhf1 O-O-O 24. b3 Kb7 25. Kb2 Ra8 26. a3 Ra7 27. Rf2 Rha8 28. Ref1 Be8 29. g4 Bd7 30. g5 Nh7 31. f4 exf4 32.
Rxf4 Rf8 33. Qd4 f6 34. gxf6 Qe5 35. Qxe5 dxe5 36. R4f2 Raa8 37. b4 axb4 38. axb4 Na6 39. Kb3 Rf7 40. Rg1 Rg8 41. Bd3 Rxf6 42. Ra2 Ra8 43.
Rf1 Rxf1 44. Bxf1 g5 45. hxg5 Nxg5 46. Rh2 Nf3 47. Rxh5 Nd4+ 48. Kb2 Nxb4 49. Rh7 Rd8 50. c5 bxc5 51. Nc4 Nb5 52. Nxe5 Nxc3 53. Kxc3 Be8 54. Nc4 Na6 55. d6 1-0

[Event "*** SCC Grand Prix: Titled Tuesday Blitz"]
[Site "Chess.com"]
[Date "2020.07.21"]
[Round "5"]
[White "jamalm2"]
[Black "Vandros57"]
[Result "0-1"]
[WhiteElo "1854"]
[BlackElo "2104"]
[TimeControl "180+1"]
[EndTime "10:56:24 PDT"]
[Termination "Vandros57 won on time"]

1. c4 e6 2. Nc3 d5 3. cxd5 exd5 4. d4 Nf6 5. Bf4 c6 6. e3 Bd6 7. Bxd6 Qxd6 8. Bd3 O-O 9. Nf3 Bg4 10. h3 Bh5 11. O-O Nbd7 12. Rc1 Rfe8 13. Be2 a5 14.
Nh4 Bxe2 15. Qxe2 Ne4 16. Nxe4 dxe4 17. Nf5 Qd5 18. Qg4 g6 19. Ng3 f5 20. Qg5 Kh8 21. b3 a4 22. Rb1 axb3 23. axb3 Ra3 24. b4 Ra4 25. Ne2 Qc4 26. Nf4 Qf7 27. h4 Nf8 28. b5 Kg7 29. bxc6 bxc6 30. Nh5+ Kh8 31. Nf6 Re6 32. h5 Qxf6 33. Qh6 Qg7 34. Qf4 Ra7 35. Rb8 Kg8 36. h6 Qc7 37. Qxc7 Rxc7 38. Ra1 Kf7 39. Raa8 Nd7 40. Rh8 Nf6 41. Rhf8+ Ke7 42. Rh8 c5 43. dxc5 Rxc5 44. Ra7+ Kd6 0-1

[Event "*** SCC Grand Prix: Titled Tuesday Blitz"]
[Site "Chess.com"]
[Date "2020.07.21"]
[Round "5"]
[White "NikolaGry"]
[Black "Alberquintin"]
[Result "1-0"]
[WhiteElo "2639"]
[BlackElo "2479"]
[TimeControl "180+1"]
[EndTime "10:56:25 PDT"]
[Termination "NikolaGry won on time"]

1. e4 e5 2. Nf3 Nc6 3. Bb5 a6 4. Bxc6 dxc6 5. d4 exd4 6. Qxd4 Qxd4 7. Nxd4 Bd7 8. Nc3 O-O-O 9. Be3 g6 10. O-O-O Bg7 11.
f3 Ne7 12. Rd2 c5 13. Nde2 b6 14. Rhd1 Bc6 15. Bg5 f6 16. Bf4 Rxd2 17. Rxd2 Rd8 18. h4 f5 19. Bg5 Rxd2 20. Kxd2 Kd7 21. Bxe7 Kxe7 22. exf5 gxf5 23. Ke3 b5 24. g4 b4 25. Nd1 Bd5 26. b3 fxg4 27. fxg4 c4 28. Kf4 cxb3 29.
axb3 Kd6 30. Ne3 Be5+ 31. Kg5 Bf3 32. Nf5+ Kd5 33. Nf4+ Ke4 34. Nd3 Bc3 35. Nc5+ Ke5 36. Nxa6 Bd2+ 37. Kh5 Kf4 38. Nh6 Be4 39. Nf5 Bxc2 40.
Nxc7 Bxb3 41. Nd6 Bf7+ 42. Nxf7 b3 43. Nb5 Bb4 44. Nc7 b2 45. Nd5+ Ke4 46. Nxb4 b1=Q 47. Nc6 Kd5 48. Nce5 Ke6 49. g5 Kf5 50. Kh6 Ke6 51.
h5 Qf5 52. g6 hxg6 53. hxg6 Kf6 54. Kh7 Qh5+ 55. Nh6 1-0

[Event "*** SCC Grand Prix: Titled Tuesday Blitz"]
[Site "Chess.com"]
[Date "2020.07.21"]
[Round "5"]
[White "Zmof"]
[Black "MusicCityMaster"]
[Result "0-1"]
[WhiteElo "2175"]
[BlackElo "2449"]
[TimeControl "180+1"]
[EndTime "10:56:26 PDT"]
[Termination "MusicCityMaster won by resignation"]

1. e4 c5 2. Nf3 d6 3. Bb5+ Nd7 4. Ba4 Nf6 5. O-O e6 6. Re1 Be7 7. c3 O-O 8. d4 cxd4 9. cxd4 a6 10. Nc3 b5 11. Bc2 Bb7 12. e5 dxe5 13. dxe5 Nd5 14. Nxd5 Bxd5 15. Bb3 Nb6 16. Be3 Nc4 17. Bxc4 Bxc4 18.
Qxd8 Rfxd8 19. Bg5 Bxg5 20. Nxg5 Rd2 21. b3 Bd5 22. Ne4 Bxe4 23. Rxe4 Rc8 24. a4 g6 25.
axb5 axb5 26. g3 Rcc2 27. Rf4 Rc7 28. Ra5 Rd5 29. Rb4 Rxe5 30. Raxb5 Re2 31. Rb8+ Kg7 32. R8b7 Rc1+ 33. Kg2 g5 34. Rc4 Rxc4 35. bxc4 Rc2 36. Rc7 Kf6 37. Kf3 h5 38. h3 Rc3+ 39. Ke2 h4 40.
gxh4 gxh4 41. f3 Rc2+ 42. Ke3 Rh2 43. c5 Rxh3 44. Rd7 Rh1 45. c6 Rc1 46. c7 h3 47. Rd8 Rxc7 48. Rh8 Rc3+ 49. Kf4 e5+ 50. Kg3 e4 51. Kf4 Rxf3+ 52. Kxe4 Ra3 53. Kf4 Ra4+ 54.
Kg3 Ra3+ 55. Kg4 Kg6 56. Rg8+ Kf6 57. Rh8 Ke5 58. Rxh3 Rxh3 59. Kxh3 Kf5 60. Kg3 Ke4 61. Kg4 f5+ 62. Kg3 Ke3 63. Kg2 f4 64. Kf1 Kf3 65. Ke1 Kg2 66. Ke2 f3+ 0-1

[Event "*** SCC Grand Prix: Titled Tuesday Blitz"]
[Site "Chess.com"]
[Date "2020.07.21"]
[Round "5"]
[White "frederiksvane"]
[Black "Fandorine"]
[Result "1/2-1/2"]
[WhiteElo "2680"]
[BlackElo "2924"]
[TimeControl "180+1"]
[EndTime "10:56:27 PDT"]
[Termination "Game drawn - insufficient material"]

1. e4 e5 2. Nf3 Nc6 3. Bb5 a6 4. Ba4 Nf6 5. O-O Be7 6. d3 d6 7. c3 O-O 8. Re1 Re8 9. Nbd2 Bf8 10. Nf1 h6 11. Ng3 b5 12. Bc2 d5 13. h3 dxe4 14. Nxe4 Bb7 15. Be3 Nxe4 16. dxe4 Qf6 17. Qe2 Rad8 18. b4 Ne7 19. a4 c6 20. Bb3 Ng6 21. g3 Bc8 22. Kg2 Bb7 23. Red1 Rxd1 24. Rxd1 Rd8 25. Rxd8 Qxd8 26. Qd2 Qxd2 27. Nxd2 Bd6 28.
f3 Nf8 29. axb5 cxb5 30. Kf2 Nd7 31. Ba2 Kf8 32. Nb3 h5 33. g4 h4 34. Na5 Ba8 35. Ke2 f6 36. Kd3 Ke7 37. Bd5 Bxd5 38. exd5 Bc7 39.
Nb7 Bb6 40. Bc5+ Ke8 41. Nd6+ Kd8 42. Ke4 g6 43. Bxb6+ Nxb6 44. g5 Kd7 45. Nb7 fxg5 46. Kxe5 Nc4+ 47. Kf6 Nd2 48. Kxg5 Nxf3+ 49. Kxg6 Ng1 50.
Kg5 Nxh3+ 51. Kxh4 Nf4 52. Nc5+ Kd6 53. Nxa6 Nxd5 54.
Kg4 Nxc3 55. Kf4 Na4 56. Ke3 Kc6 57. Kd3 Kb6 58. Nc5 Nxc5+ 59. bxc5+ Kc6 60. Kd4 b4 61. Kc4 b3 62. Kxb3 Kxc5 1/2-1/2

[Event "*** SCC Grand Prix: Titled Tuesday Blitz"]
[Site "Chess.com"]
[Date "2020.07.21"]
[Round "5"]
[White "hansen"]
[Black "BakaPG"]
[Result "1-0"]
[WhiteElo "2907"]
[BlackElo "2647"]
[TimeControl "180+1"]
[EndTime "10:56:29 PDT"]
[Termination "hansen won on time"]

1. e4 e6 2. d4 d5 3. Nc3 Nf6 4. Bg5 Be7 5. e5 Nfd7 6. Bxe7 Qxe7 7. f4 a6 8. Nf3 c5 9. Qd2 Nc6 10. dxc5 Qxc5 11. Bd3 b5 12. a3 h6 13. Qf2 b4 14.
Qxc5 Nxc5 15. axb4 Nxb4 16. Ke2 a5 17. Na4 Ncxd3 18.
cxd3 Ba6 19. Nc5 O-O 20. Kd2 Bb5 21. Nd4 Rfb8 22. Ra3 Nc6 23. Nc2 Ba6 24. b3 Bc8 25. Rha1 Rb5 26. Na4 Rab8 27. Rb1 Bd7 28. Nc3 R5b7 29.
Ne2 g5 30. g3 gxf4 31. gxf4 Kh7 32. Ke3 Rg8 33. Ncd4 Rg2 34. Nxc6 Bxc6 35. Rxa5 Rxh2 36. Nd4 Bd7 37. b4 Rh3+ 38. Kd2 Rh2+ 39. Kc3 h5 40. b5 Rc7+ 41. Kb4 Rd2 42. Rb3 h4 43. Nf3 Rf2 44. d4 Kh6 45. b6 Rb7 46. Kc5 h3 47.
Ng5 h2 48. Rh3+ Kg6 49. Ra7 Bc8 50. Rxb7 Bxb7 51. Kd6 Rxf4 52. Nxf7 Rxf7 53. Rxh2 Rf4 54.
Kxe6 Rxd4 55. Rg2+ Kh6 56. Kf6 Rf4+ 57. Ke7 d4 58. Rd2 Kg5 59. e6 Bd5 60. Kd6 1-0

[Event "*** SCC Grand Prix: Titled Tuesday Blitz"]
[Site "Chess.com"]
[Date "2020.07.21"]
[Round "5"]
[White "Logman74"]
[Black "vova-79"]
[Result "0-1"]
[WhiteElo "2336"]
[BlackElo "2500"]
[TimeControl "180+1"]
[EndTime "10:56:29 PDT"]
[Termination "vova-79 won on time"]

1. e4 e6 2. d4 d5 3. Nc3 dxe4 4.
Nxe4 Nd7 5. Nf3 Ngf6 6. Nxf6+ Nxf6 7. Bd3 c5 8. dxc5 Bxc5 9. Qe2 O-O 10. Bg5 h6 11.
Bd2 e5 12. O-O-O Re8 13. Bc4 Qb6 14. Bc3 e4 15. Bxf6 Qxf6 16. Nd2 Qxf2 17. Qxf2 Bxf2 18. Nxe4 Rxe4 19. Rd8+ Kh7 20. Bd3 f5 21. Rf1 Bh4 22. Rf8 Be7 23. Rxc8 Rxc8 24. Rxf5 Bg5+ 25. Rxg5 hxg5 26.
Bxe4+ g6 27. Bxb7 Rc7 28. Bf3 Kg7 29. h3 Kf6 30. b3 Ke5 31. Kd2 Kd4 32. a4 a5 33. Be2 Rc3 34. Bd3 Rc6 35. Be2 Rc3 36. Bf3 Rc5 37. Bb7 Rc7 38. Ba6 g4 39. hxg4 g5 40.
Bc4 Re7 41. c3+ Kc5 42. Bd3 Re5 43. Be2 Re7 44. Bf3 Re5 45. Be2 Re7 46. Bd3 Re8 47.
Bf5 Re5 48. Kd3 Re7 49. Bg6 Rb7 50. Bf7 Rxf7 51. Ke4 Rf4+ 52. Ke5 Rxg4 53. Kf5 Rxg2 54.
b4+ axb4 55. cxb4+ Kxb4 56. Ke4 Ka5 57. Kf3 Rg1 0-1

[Event "*** SCC Grand Prix: Titled Tuesday Blitz"]
[Site "Chess.com"]
[Date "2020.07.21"]
[Round "5"]
[White "Carnivoras"]
[Black "eightbyeightchess"]
[Result "1-0"]
[WhiteElo "2617"]
[BlackElo "2433"]
[TimeControl "180+1"]
[EndTime "10:56:30 PDT"]
[Termination "Carnivoras won by checkmate"]

1. d4 d5 2. Nf3 Nf6 3. Bg5 Bf5 4.
Nbd2 e6 5. e3 Be7 6. Be2 O-O 7.
O-O Nbd7 8. c4 c5 9. cxd5 Nxd5 10. Bxe7 Qxe7 11. e4 Nf4 12. exf5 exf5 13. Re1 cxd4 14.
Nxd4 Qg5 15. g3 Rad8 16. N2f3 Qg6 17. Bf1 Nc5 18. Ne5 Qg5 19. Ndf3 Qf6 20. Qc2 Nfe6 21. Bh3 f4 22. Bxe6 Nxe6 23. Rad1 fxg3 24. hxg3 Rc8 25. Qe2 Rfe8 26. Rc1 Rxc1 27. Rxc1 Ng5 28. Nxg5 Qxg5 29. Re1 h5 30. Qe3 Qf5 31. Qf4 Qxf4 32. gxf4 Rd8 33.
Nf3 Kf8 34. Kg2 g6 35. Rc1 Rd6 36. Rc7 Rb6 37. b3 f6 38. Nh4 g5 39. Ng6+ Kg8 40. Ne7+ Kf8 41. f5 Rb5 42. Ng6+ Kg8 43. Rc8+ Kf7 44.
Rc7+ Ke8 45. Re7+ Kd8 46. Rf7 Rxf5 47. Rxb7 a5 48. a4 h4 49. Ne7 h3+ 50. Kxh3 Rxf2 51.
Nc6+ Kc8 52. Nxa5 f5 53. Rb5 Rf3+ 54. Kg2 g4 55. Nc4 Kc7 56. a5 Rc3 57. a6 f4 58.
a7 Rc2+ 59. Kf1 Rc1+ 60. Ke2 f3+ 61. Kd2 f2 62. a8=Q Rd1+ 63. Kc3 Rc1+ 64. Kb4 f1=Q 65.
Qa7+ Kc6 66. Qc5+ Kd7 67. Rb7+ Ke6 68. Re7+ Kf6 69. Qe5+ Kg6 70. Rg7+ Kh6 71. Qg5# 1-0

[Event "*** SCC Grand Prix: Titled Tuesday Blitz"]
[Site "Chess.com"]
[Date "2020.07.21"]
[Round "5"]
[White "czasnaszachy"]
[Black "Azoulas1"]
[Result "1-0"]
[WhiteElo "2246"]
[BlackElo "2018"]
[TimeControl "180+1"]
[EndTime "10:56:30 PDT"]
[Termination "czasnaszachy won on time"]

1. d4 Nf6 2. c4 e6 3. Nc3 Bb4 4. e3 d5 5. Ne2 O-O 6. a3 Be7 7. cxd5 exd5 8. g3 Bf5 9. Bg2 Re8 10. O-O c6 11. b4 Nbd7 12. b5 Rc8 13. bxc6 bxc6 14. a4 Nb6 15. Ba3 Bxa3 16. Rxa3 Ne4 17. Nxe4 Bxe4 18. Bxe4 Rxe4 19. Nc3 Re6 20. Rb3 h5 21.
Qxh5 Rh6 22. Qe2 Nc4 23. Rfb1 Qa5 24. Rb8 Rxb8 25. Rxb8+ Kh7 26. Qc2+ g6 27. Qb3 Kg7 28. Qb4 Qc7 29. Rb7 Qc8 30. Qe7 Qf5 31. Rxa7 Rxh2 32. Qxf7+ Qxf7 33. Rxf7+ Kxf7 34. Kxh2 Ke6 35. Kg2 Kd6 36. Kf3 Ke6 37. Kg4 Kf6 38. Kf3 Ke6 39.
Na2 Na5 40. Ke2 Nc4 41. Nb4 Kd6 42. Na2 Na5 43. Nc3 Nc4 44. Kd3 Na5 45. f3 Nc4 46.
e4 Na5 47. e5+ Ke6 48. Ne2 Nc4 49. Nf4+ Kf5 50. Ne2 g5 51. Nc3 Na5 52. Nd1 Nc4 53. Ne3+ Nxe3 54. Kxe3 g4 55. f4 Ke6 56. Kd3 Kf5 57. Kc3 Ke6 58. Kb4 Kf5 59. Kc5 1-0

[Event "*** SCC Grand Prix: Titled Tuesday Blitz"]
[Site "Chess.com"]
[Date "2020.07.21"]
[Round "5"]
[White "vladislavkovalev"]
[Black "VovenRogel"]
[Result "1-0"]
[WhiteElo "2904"]
[BlackElo "2748"]
[TimeControl "180+1"]
[EndTime "10:56:32 PDT"]
[Termination "vladislavkovalev won on time"]

1. e4 e5 2. Nf3 Nc6 3. Bb5 Nf6 4. O-O Nxe4 5. Re1 Nd6 6. Nxe5 Be7 7. Bf1 Nxe5 8. Rxe5 O-O 9. d4 Bf6 10. Re1 Re8 11. c3 Rxe1 12. Qxe1 Ne8 13. a4 d5 14.
a5 Nd6 15. Bf4 Bf5 16. Nd2 Rc8 17. Nf3 c6 18. Ne5 Bg5 19. Qe3 Bxf4 20. Qxf4 f6 21. Nd3 Bxd3 22. Bxd3 Qe7 23. h4 Re8 24. b3 a6 25. c4 dxc4 26. bxc4 Nf7 27. g3 g6 28. h5 Kg7 29. Kg2 Qd6 30. Qxd6 Nxd6 31. hxg6 hxg6 32. Rb1 Re7 33. Kf3 f5 34. Rb2 Kf6 35. Re2 Rh7 36. c5 Nb5 37. Bxb5 axb5 38. Ra2 Ke6 39. a6 bxa6 40.
Rxa6 Kd5 41. Kf4 Rh2 42. f3 Rd2 43. Kg5 Rd3 44. Kxg6 Rxf3 45. Kf6 b4 46. Rb6 b3 47.
Kg5 Kxd4 48. Rxc6 b2 49. Rb6 Kc4 50. c6 Rb3 51. Rxb3 Kxb3 52. c7 b1=Q 53. c8=Q Qg1 54. Qe6+ Kc3 55. Qe5+ Kd3 56. Kxf5 Qf2+ 57. Kg5 Qf1 58.
Qf5+ 1-0